 Dungeon Crawl Stone Soup version 0.32-a0-42-ga30500b4d3 (webtiles) character file.

Game seed: 6297609723737893438

16961 Atlas the Thaumaturge (level 12, 0/77 HPs)
             Began as a Mummy Fire Elementalist on Jan 31, 2024.
             Was an Initiate of Gozag.
             Slain by Urug
             ... wielding a +2 demon trident
              (21 damage)
             ... on level 12 of the Dungeon.
             The game lasted 00:22:41 (17495 turns).

Atlas the Thaumaturge (Mummy Fire Elementalist)    Turns: 17495, Time: 00:22:42

Health: 0/77       AC: 13    Str: 11    XL:     12   Next: 14%
Magic:  0/30       EV: 10    Int: 19    God:    Gozag
Gold:   1137       SH:  9    Dex: 13    Spells: 22/40 levels left

rFire   . . .        i - +4 long sword "Lopag" {freeze, rN+ Will+}
rCold   + . .        b - +0 buckler
rNeg    + + +        z - +0 ring mail {rC+}
rPois   ∞            k - +0 helmet
rElec   .            (no cloak)
rCorr   .            (no gloves)
SInv    .            x - +1 pair of boots
Will    ++...        B - amulet of reflection
Stlth   +            C - +4 ring of protection
HPRegen 0.32/turn    r - ring of fire
MPRegen 0.22/turn

%: reflection, faith
@: very slightly contaminated
A: cold resistance 1, negative energy resistance 3, torment resistance 2, heat
vulnerability 1, in touch with death 1, no potions, faith
a: Renounce Religion, Potion Petition, Call Merchant, Bribe Branch


You were on level 12 of the Dungeon.
You worshipped Gozag.
Gozag was most pleased with you.
You visited 2 branches of the dungeon, and saw 13 of its levels.
You also visited: Ossuary.

You collected 2735 gold pieces.
You spent 1522 gold pieces at shops.
You paid 76 gold pieces to Gozag.

Inventory:

Hand Weapons
 i - the +4 long sword "Lopag" (weapon) {freeze, rN+ Will+}
   (You found it on level 3 of the Dungeon)

   rN+:       It protects you from negative energy.
   Will+:     It increases your willpower.
Armour
 b - a +0 buckler (worn)
 k - a +0 helmet (worn)
 x - a +1 pair of boots (worn)
 z - a +0 ring mail of cold resistance (worn)
 E - a +0 leather armour
Jewellery
 n - a ring of protection from cold
 r - a ring of fire (right hand)
 s - a +5 ring of evasion
 B - an amulet of reflection (around neck)
 C - a +4 ring of protection (left hand)
 D - a +6 ring of intelligence
Wands
 m - a wand of iceblast (5)
 q - a wand of flame (33)
 v - a wand of quicksilver (19)
 w - a wand of mindburst (13)
Scrolls
 a - 2 scrolls of fear {unknown}
 c - 3 scrolls of vulnerability
 d - a scroll of poison
 e - 4 scrolls of amnesia
 f - 4 scrolls of immolation
 g - 4 scrolls of enchant armour
 h - 5 scrolls of teleportation
 j - a scroll of enchant weapon {unknown}
 l - a scroll of fog
 o - 2 scrolls of noise {unknown}
 p - 2 scrolls of butterflies {unknown}
 t - 2 scrolls of brand weapon {unknown}
 u - 3 scrolls of blinking {unknown}
 y - a scroll of silence {unknown}
 F - 2 scrolls of identify
Miscellaneous
 A - a lightning rod (2/4)
 G - a phantom mirror


   Skills:
 + Level 1.5 Fighting
 + Level 2.1 Long Blades
 + Level 3.7 Armour
 + Level 3.3 Dodging
 - Level 2.0 Stealth
 + Level 2.1 Shields
 + Level 14.9 Spellcasting
 + Level 5.7 Conjurations
 + Level 9.8 Fire Magic
 + Level 0.9 Air Magic
 + Level 1.2 Earth Magic
 + Level 0.8 Alchemy
 + Level 1.8 Evocations


You had 22 spell levels left.
You knew the following spells:

 Your Spells              Type           Power      Damage    Failure   Level
a - Scorch                Fire           100%       2d9       1%          2
b - Foxfire               Conj/Fire      100%       2x1d9     1%          1
c - Flame Wave            Conj/Fire      60%        2d14      6%          4
d - Borgnjor's Vile Clut  Necr/Erth      12%        N/A       97%         5
e - Mephitic Cloud        Conj/Alch/Air  23%        N/A       16%         3
f - Stone Arrow           Conj/Erth      54%        3d10      11%         3

Your spell library contained the following spells:

 Spells                   Type           Power      Damage    Failure   Level
 Sting                    Conj/Alch      100%       1d9       3%          1
 Inner Flame              Hex/Fire       49%        N/A       6%          3
 Volatile Blastmotes      Fire/Tloc      98%        2d18      6%          3
 Hailstorm                Conj/Ice       25%        3d7       14%         3
 Apportation              Tloc           28%        N/A       16%         1
 Necrotise                Necr           84%        1d8       16%         1
 Slow                     Hex            56%        N/A       16%         1
 Summon Small Mammal      Summ           56%        N/A       16%         1
 Blink                    Tloc           28%        N/A       22%         2
 Ensorcelled Hibernation  Hex/Ice        28%        N/A       22%         2
 Confusing Touch          Hex            14%        N/A       41%         3
 Fugue of the Fallen      Necr           21%        N/A       41%         3
 Sigil of Binding         Hex            14%        N/A       41%         3
 Summon Ice Beast         Ice/Summ       14%        N/A       41%         3
 Vampiric Draining        Necr           21%        2d7       41%         3
 Animate Armour           Summ/Erth      32%        N/A       75%         4
 Anguish                  Hex/Necr       10%        N/A       83%         4
 Martyr's Knell           Necr/Summ      21%        N/A       83%         4
 Curse of Agony           Necr           21%        N/A       99%         5
 Death Channel            Necr           10%        N/A       100%        6
 Sculpt Simulacrum        Ice/Alch       7%         N/A       100%        6
 Malign Gateway           Summ/Tloc      7%         N/A       100%        7
 Lehudib's Crystal Spear  Conj/Erth      13%        10d5      100%        8
 Animate Dead             Necr           Unusable   N/A       N/A         4

Dungeon Overview and Level Annotations

Branches:
Dungeon (12/15)            Temple (1/1) D:5            Lair (0/5) D:8
Ossuary (visited)
    Orc: D:9-12

Altars:
Ashenzari
Cheibriados
Dithmenos
Fedhas
Gozag
Hepliaklqana
Kikubaaqudgha
Makhleb
Nemelex Xobeh
Okawaru
Qazlal
Ru
Sif Muna
Trog
Uskayaw
Vehumet
Wu Jian
Xom
Yredelemnul

Shops:
D:1 =   D:3 ?   D:11 :(*

Annotations:
D:5 1 runed translucent door, Azoth's ghost, novice DEHu
D:12 Azrael; Nergalle; Urug


Innate Abilities, Weirdness & Mutations

You are immune to poison.
Your flesh is cold resistant. (rC+)
You are immune to negative energy. (rN+++)
You are immune to unholy pain and torment.
You are vulnerable to heat. (rF-)
You are in touch with the powers of death.
You do not drink.
You have a special connection with the divine. (Faith)


Message History

Urug hits you with a +2 demon trident.
Unknown command.
Casting: Scorch (safe; 1% risk of failure)
Confirm with . or Enter, or press ? or * to list all spells.
You feel a surge of power!
Flames lash Urug.
Urug is heavily wounded.
Urug gestures wildly.
Urug hits you with a +2 demon trident!
Casting: Scorch (safe; 1% risk of failure)
Confirm with . or Enter, or press ? or * to list all spells.
You feel a surge of power!
Flames lash Urug.
Urug is burned terribly!
Urug is severely wounded.
Urug seems less confused.
Urug hits you with a +2 demon trident!!
Casting: Scorch (safe; 1% risk of failure)
Confirm with . or Enter, or press ? or * to list all spells.
You feel a surge of power!
Flames lash Urug.
Urug is burned terribly!
Urug is severely wounded.
Urug hits you with a +2 demon trident!
* * * LOW HITPOINT WARNING * * *
Unknown command.
Casting: Scorch (safe; 1% risk of failure)
Confirm with . or Enter, or press ? or * to list all spells.
Aiming: Stone Arrow (dangerous; 11% risk of failure)
Press: ? - help, Shift-Dir - straight line, f/p - Urug
Aim: Urug, wielding a +2 demon trident, wearing a +2 chain mail of willpower and quivering javelins (severely wounded, more vulnerable to fire, 68% to hit)
The stone arrow misses Urug.
Urug barely misses you.
Unknown command.
Aiming: Iceblast
Press: ? - help, Shift-Dir - straight line, p - Urug
Okay, then.
Aiming: Thunderbolt
Press: ? - help, Shift-Dir - straight line, f/p - Urug
Aim: Urug, wielding a +2 demon trident, wearing a +2 chain mail of willpower and quivering javelins (severely wounded, more vulnerable to fire)
The thunderbolt hits Urug!
Urug is almost dead.
Urug screams, "Damn your eyes!" Urug hits you with a +2 demon trident!!
You die...
Urug says, "One more harpy dead."
Your body crumbles into a pile of gold.

###.......
.......###.......#..
...................
..................
.........?.#
...........##
............#
......$o$(..#..
......[@$(.....
........$..[.##
.....##..$..... ....
......#.. ...
.#....# . .. .#
#..## # . ### #.


You could see Urug (combustible).

Vanquished Creatures
  Frances (D:11)
  6 two-headed ogres
  Lodul (D:11)
  A manticore (D:12)
  A gargoyle (D:10)
  3 kobold demonologists
  An unseen horror (D:10)
  Psyche (D:11)
  A hornet (D:9)
  A troll (D:10)
  2 raiju (D:7)
  3 slime creatures
  2 shadows
  2 fire elementals (D:11)
  2 wyverns
  A wraith (D:11)
  A vampire (D:12)
  A water elemental (D:11)
  8 yaks
  3 vampire mosquitoes
  A water moccasin (D:7)
  Duvessa (D:5)
  An ice beast (D:8)
  5 orc warriors
  A black bear (D:5)
  9 ogres
  2 boggarts (D:11)
  5 centaurs
  A phantom (D:6)
  An elf zombie (Ossuary)
  5 kobold brigands
  3 bullfrogs
  2 scorpions (D:4)
  2 gnoll sergeants
  A wight (D:10)
  Dowan (D:5)
  16 killer bees
  2 howler monkeys
  8 electric eels
  A bombardier beetle (D:6)
  4 jellies
  6 human zombies (Ossuary)
  9 orc priests
  A spectral scorpion (Ossuary)
  6 hounds
  An iguana (D:7)
  10 orc wizards
  2 crocodile zombies (Ossuary)
  2 spectral hounds (Ossuary)
  A scorpion simulacrum (Ossuary)
  2 mummies (Ossuary)
  Robin (D:4)
  14 gnolls
  6 adders
  2 hound simulacra (Ossuary)
  2 white imps
  A spectral adder (Ossuary)
  5 spectral gnolls (Ossuary)
  A ribbon worm (D:4)
  A dart slug (D:4)
  3 adder simulacra (Ossuary)
  35 orcs
  5 endoplasms
  3 giant cockroaches
  12 goblins
  9 hobgoblins
  3 jackals (D:3)
  3 quokkas
  6 ball pythons
  3 bats
  2 gnoll simulacra (Ossuary)
  6 gnoll zombies (Ossuary)
  5 jackal simulacra (Ossuary)
  14 kobolds
  7 kobold zombies
  4 orc zombies (Ossuary)
  6 rats
  A rat zombie (D:7)
  4 spectral jackals (Ossuary)
  A foxfire (D:12)
319 creatures vanquished.

Vanquished Creatures (others)
  1165 foxfires
1165 creatures vanquished.

Grand Total: 1484 creatures vanquished

Notes
Turn   | Place    | Note
-------+----------+-------------------------------------------
     0 | D:1      | Atlas the Mummy Fire Elementalist began the quest for the
                  | Orb.
     0 | D:1      | Reached XP level 1. HP: 13/13 MP: 4/4
   104 | D:1      | Found a faded altar of an unknown god.
   495 | D:1      | Reached XP level 2. HP: 14/19 MP: 0/5
   559 | D:1      | Learned a level 2 spell: Scorch
   561 | D:1      | Found Qifyat's Jewellery Shoppe.
   880 | D:1      | Reached skill level 3 in Spellcasting
  1539 | D:2      | Reached XP level 3. HP: 24/24 MP: 1/7
  1567 | D:2      | Reached skill level 1 in Conjurations
  1799 | D:2      | Reached skill level 4 in Spellcasting
  2316 | D:3      | Identified the +4 long sword "Lopag" {freeze, rN+ Will+}
  2541 | D:3      | Reached XP level 4. HP: 29/30 MP: 3/10
  2868 | D:3      | Found Ykloh's Magic Scroll Shoppe.
  2871 | D:3      | Bought a scroll of identify for 24 gold pieces
  3518 | D:4      | Noticed Robin
  3525 | D:4      | Killed Robin
  3667 | D:4      | Noticed a scorpion
  3678 | D:4      | Killed a scorpion
  3679 | D:4      | Reached XP level 5. HP: 35/35 MP: 0/12
  4051 | D:4      | Reached skill level 5 in Spellcasting
  4482 | D:4      | Reached XP level 6. HP: 41/41 MP: 8/13
  4535 | D:5      | Entered Level 5 of the Dungeon
  4583 | D:5      | Noticed Duvessa
  4585 | D:5      | Noticed Dowan
  4694 | D:5      | Learned a level 4 spell: Flame Wave
  4695 | D:5      | Found a runed translucent door.
  4705 | D:5      | Noticed Azoth's ghost (novice DEHu)
  4915 | D:5      | Killed Duvessa
  5017 | D:5      | Reached skill level 6 in Spellcasting
  5025 | D:5      | Reached XP level 7. HP: 34/46 MP: 2/16
  5103 | D:5      | Killed Dowan
  5353 | D:5      | Reached skill level 7 in Spellcasting
  5426 | D:5      | Reached skill level 5 in Fire Magic
  5486 | D:5      | Found a staircase to the Ecumenical Temple.
  5528 | Temple   | Entered the Ecumenical Temple
  5540 | Temple   | Became a worshipper of Gozag Ym Sagoz the Greedy
  5562 | D:5      | Found a shadowy altar of Dithmenos.
  6080 | D:5      | Reached XP level 8. HP: 52/52 MP: 16/19
  6099 | D:5      | Reached skill level 8 in Spellcasting
  6493 | D:6      | Found a stormy altar of Qazlal.
  6983 | D:6      | Noticed a two-headed ogre
  7196 | D:6      | Reached skill level 9 in Spellcasting
  8102 | D:7      | Noticed a raiju
  8108 | D:7      | Killed a raiju
  8114 | D:7      | Reached XP level 9. HP: 54/58 MP: 2/22
  8127 | D:7      | Reached skill level 1 in Long Blades
  8127 | D:7      | Reached skill level 10 in Spellcasting
  8395 | D:7      | Found a shimmering altar of Xom.
  8520 | D:7      | Found a sand-covered staircase.
  8529 | Ossuary  | Entered an ossuary
  8814 | Ossuary  | Reached skill level 1 in Fighting
  9767 | D:7      | Reached skill level 11 in Spellcasting
 10182 | D:6      | Killed a two-headed ogre
 10370 | D:1      | Bought an amulet of reflection for 330 gold pieces
 10370 | D:1      | Bought a +4 ring of protection for 396 gold pieces
 10573 | D:8      | Reached XP level 10. HP: 65/65 MP: 9/25
 10680 | D:8      | Found a basalt altar of Yredelemnul.
 10680 | D:8      | Found a hazy altar of Hepliaklqana.
 10813 | D:8      | Found an iron altar of Okawaru.
 10859 | D:8      | Found a broken altar of Ashenzari.
 10905 | D:8      | Reached skill level 1 in Shields
 11286 | D:8      | Found a staircase to the Lair.
 11620 | D:9      | Noticed a two-headed ogre
 11629 | D:9      | Killed a two-headed ogre
 11630 | D:9      | Reached skill level 12 in Spellcasting
 11779 | D:9      | Noticed a two-headed ogre
 11785 | D:9      | Killed a two-headed ogre
 11786 | D:9      | Reached skill level 1 in Armour
 12188 | D:9      | Reached skill level 13 in Spellcasting
 12948 | D:10     | Entered Level 10 of the Dungeon
 13201 | D:10     | Reached XP level 11. HP: 70/70 MP: 22/28
 13402 | D:10     | Reached skill level 5 in Conjurations
 14006 | D:10     | Learned a level 5 spell: Borgnjor's Vile Clutch
 14265 | D:11     | Noticed Lodul
 14270 | D:11     | Reached skill level 14 in Spellcasting
 14270 | D:11     | Killed Lodul
 14441 | D:11     | Found Zetsal's Book Shoppe.
 14443 | D:11     | Found Fiaxya's Antique Weapon Boutique.
 14445 | D:11     | Found Woanakli's Assorted Antiques.
 14499 | D:11     | Noticed Psyche
 14505 | D:11     | Killed Psyche
 14506 | D:11     | Reached skill level 1 in Evocations
 14682 | D:11     | Noticed a two-headed ogre
 14786 | D:11     | Bought a scroll of identify for 56 gold pieces
 14786 | D:11     | Bought a scroll of identify for 56 gold pieces
 14791 | D:11     | Bought a book of Armaments for 360 gold pieces
 14791 | D:11     | Bought Cazuz's Compendium of the Beaker and Orientation for
                  | 300 gold pieces
 14795 | D:11     | Learned a level 3 spell: Mephitic Cloud
 14799 | D:11     | Learned a level 3 spell: Stone Arrow
 14964 | D:11     | Noticed a two-headed ogre
 14964 | D:11     | Noticed a two-headed ogre
 14985 | D:11     | Killed a two-headed ogre
 15012 | D:11     | Killed a two-headed ogre
 15566 | D:11     | Killed a two-headed ogre
 16093 | D:12     | Noticed Nergalle
 16093 | D:12     | Noticed Azrael
 16220 | D:12     | Noticed Frances
 16228 | D:11     | Noticed a soul eater
 16461 | D:11     | Killed Frances
 17025 | D:12     | Reached XP level 12. HP: 77/77 MP: 19/30
 17168 | D:12     | Reached skill level 1 in Earth Magic
 17175 | D:12     | Noticed Urug
 17495 | D:12     | Slain by Urug

Illustrated notes

Levels and vault maps discovered:
D:1:      amcnicky_arrival_flooded_fountain, layout_loops_ring, serial_shops,
          nicolae_square_shop, hellmonk_ecumenical_altar_crossroads
D:2:      layout_basic, st_stairs_5
D:3:      layout_basic, serial_shops, nicolae_shop_rolled_up,
          minmay_misc_feat_nine_boxes, corexii_item_surrounded_by_moat
D:4:      layout_rooms, uniq_robin
D:5:      layout_cave_pods, grunt_dithmenos_smoke_and_mirrors,
          minmay_temple_entry_mist, ebering_ghost_sewer_d, uniq_duvessa
D:6:      layout_basic, nicolae_qazlal_eye_of_the_storm
D:7:      layout_loops_cross, mainiacjoe_overflow_paths, enter_ossuary_3,
          nicolae_have_a_lightning_rod
D:8:      layout_cave_pods, nicolae_overflow_macrodata_refinement,
          dpeg_oklobed_lair
D:9:      layout_basic
D:10:     layout_loops_corners, elyvilon_altar_3, serial_bayou_pond_b
D:11:     layout_loops_corners, hangedman_decor_riveting,
          nicolae_wooded_promenade, nicolae_phantomly_mirrored, uniq_psyche,
          uniq_lodul
D:12:     layout_cave_pools, david_orc_3, uniq_nergalle, uniq_urug, uniq_azrael,
          uniq_frances
Temple:   nicolae_temple_great_sept

Skill      XL: |  1  2  3  4  5  6  7  8  9 10 11 12 |
---------------+-------------------------------------+-----
Spellcasting   | 3 4 5 6 7 9 11 13 14 | 14.9
Fire Magic     | 3 4 5 6 7 8 9 |  9.8
Conjurations   | 1 2 3 4 5 |  5.7
Dodging        | 2 3 |  3.3
Stealth        | 2 |  2.0
Long Blades    | 1 2 |  2.1
Fighting       | 1 |  1.5
Shields        | 1 2 |  2.1
Armour         | 1 3 |  3.7
Evocations     | 1 |  1.8
Earth Magic    | 1 |  1.2
Air Magic      | |  0.9
Alchemy        | |  0.8

Action                     |  1- 3 |  4- 6 |  7- 9 | 10-12 || total
---------------------------+-------+-------+-------+-------++-------
  Melee: Unarmed           |    15 |       |       |       ||    15
         Long sword        |     4 |     3 |    38 |    23 ||    68
   Cast: Foxfire           |    82 |   133 |   242 |   211 ||   668
         Scorch            |     8 |    16 |    76 |   103 ||   203
         Flame Wave        |       |       |     4 |     7 ||    11
         Stone Arrow       |       |       |       |    27 ||    27
         Mephitic Cloud    |       |       |       |    11 ||    11
  Evoke: Lightning rod     |       |       |       |    11 ||    11
         Wand              |       |       |       |     7 ||     7
    Use: Scroll            |       |     1 |     4 |     4 ||     9
   Stab: Confused          |       |       |       |     2 ||     2
 Armour: Robe              |    16 |     6 |    60 |       ||    82
         Leather armour    |       |       |       |    50 ||    50
         Ring mail         |       |       |       |    95 ||    95
  Dodge: Dodged            |    19 |     5 |    86 |    58 ||   168
  Block: Buckler           |     8 |       |    17 |    53 ||    78
         Reflection        |       |       |       |     1 ||     1

Table legend: (Time is in decaauts)
 A = Elapsed time spent in this place.
 B = Non-inter-level travel time spent in this place.
 C = Inter-level travel time spent in this place.
 D = Time resting spent in this place.
 E = Time spent auto-exploring this place.
 F = Levels seen in this place.
 G = Mean time per level.
                   A        B        C        D        E       F      G
               +--------+--------+--------+--------+--------+-----+--------+
         Total |  17564 |  16609 |    955 |   1804 |  12430 |  14 | 1254.6 |
       Dungeon |  16301 |  15370 |    931 |   1694 |  11559 |  12 | 1358.4 |
        Temple |     24 |      1 |     23 |      0 |      0 |   1 |   24.0 |
       Ossuary |   1238 |   1238 |      0 |    110 |    871 |   1 | 1238.0 |
               +--------+--------+--------+--------+--------+-----+--------+

Top non-repeatable levels by time:
    D:11: 3167 daAuts
     D:5: 1797 daAuts
     D:6: 1563 daAuts
     D:9: 1337 daAuts
     D:1: 1309 daAuts
    D:10: 1289 daAuts
     D:4: 1261 daAuts
 Ossuary: 1238 daAuts
     D:3: 1170 daAuts
     D:7: 1128 daAuts
     D:2: 1091 daAuts
     D:8: 1066 daAuts
    D:12: 118 daAuts
  Temple: 24 daAuts
